 Dungeon Crawl Stone Soup version 0.30-a0-989-g0d87f670db (webtiles) character file.

Game seed: 3346130556443136401

23 Mickster the Chopper (level 2, -1/40 HPs)
             Began as a Hill Orc Berserker on Apr 2, 2023.
             Was a Follower of Trog.
             Slain by an ufetubus (3 damage)
             ... on level 2 of the Dungeon.
             The game lasted 00:07:10 (593 turns).

Mickster the Chopper (Hill Orc Berserker)            Turns: 593, Time: 00:07:11

Health: -1/40      AC:  5    Str: 19    XL:     2   Next: 95%
Magic:  2/2        EV: 11    Int:  7    God:    Trog [*.....]
Gold:   25         SH:  0    Dex: 10    Spells: 1/1 levels left

rFire   + . .      SeeInvis .    a - +0 hand axe
rCold   . . .      Faith    .    (no shield)
rNeg    . . .      Spirit   .    i - +0 ring mail
rPois   .          Reflect  .    (no helmet)
rElec   .          Rampage  .    (no cloak)
rCorr   .                        (no gloves)
Will    .....                    (no boots) Stlth
                                 (no amulet)
HPRegen 0.26/turn                k - ring of protection from fire
MPRegen 0.08/turn                (no ring)

@: berserking, very quick
A: no striking features
a: Renounce Religion, Berserk


You were on level 2 of the Dungeon.
You worshipped Trog.
Trog was aware of your devotion.
You visited 1 branch of the dungeon, and saw 2 of its levels.

You collected 25 gold pieces.

Inventory:

Hand Weapons
 a - a +0 hand axe (weapon)
Armour
 b - a +0 animal skin
 i - a +0 ring mail (worn)
Jewellery
 k - a ring of protection from fire (left hand)
Scrolls
 f - a scroll of poison {unknown}
 l - a scroll of identify
Potions
 c - 2 potions of ambrosia
 d - a potion of lignification {unknown}
 e - a potion of might {unknown}
 g - 2 potions of brilliance {unknown}
 h - a potion of curing {unknown}
 j - a potion of degeneration {unknown}


   Skills:
 + Level 4.3 Fighting
 + Level 4.4 Axes
 + Level 2.3 Armour
 + Level 1.8 Dodging


You had one spell level left.
You didn't know any spells.
Your spell library was empty.

Dungeon Overview and Level Annotations

Branches:
Dungeon (2/15)

Altars:


Message History

You hit the bat. The bat hits you but does no damage.
The ufetubus barely misses you. The ufetubus hits you.
The bat hits you but does no damage. The ufetubus misses you.
The ufetubus hits you.
You hit the ufetubus.
The ufetubus is severely wounded.
You hit the bat.
You kill the bat!
Trog accepts your kill.
The ufetubus closely misses you. x2; The ufetubus hits you.
The ufetubus misses you.
You miss the ufetubus.
The ufetubus is severely wounded.
The ufetubus hits you.
* * * LOW HITPOINT WARNING * * *
The ufetubus closely misses you.
You closely miss the ufetubus.
The ufetubus is severely wounded.
The ufetubus misses you. The ufetubus barely misses you.
The ufetubus hits you but does no damage.
The ufetubus hits you.
* * * LOW HITPOINT WARNING * * *
You closely miss the ufetubus.
The ufetubus is severely wounded.
The ufetubus barely misses you. The ufetubus closely misses you.
The ufetubus hits you.
* * * LOW HITPOINT WARNING * * *
The ufetubus hits you.
* * * LOW HITPOINT WARNING * * *
A red film seems to cover your vision as you go berserk!
You feel yourself moving faster!
You feel mighty! The ufetubus misses you.
The ufetubus hits you but does no damage.
You barely miss the ufetubus.
The ufetubus is severely wounded.
The ufetubus closely misses you. The ufetubus hits you.
* * * LOW HITPOINT WARNING * * *
You closely miss the ufetubus.
The ufetubus is severely wounded.
The ufetubus barely misses you. The ufetubus hits you.
You die...

#.# #...# #.#
#.#.#
###.#####.#)..
#...†.....# ###
#...(....##
....[.......###
####..........#
#.......†#.#
##......@#.###
#.#.###5#..5#
#.#.##.g.##.
#...........#
####...##....
##.## ### #.#
#.# #.#


You could see an ufetubus and a hobgoblin.

Vanquished Creatures
  A dart slug (D:1)
  A giant cockroach (D:1)
  3 goblins
  4 jackals (D:1)
  A quokka (D:2)
  2 bats
  4 frilled lizards
  A kobold (D:1)
  4 rats (D:1)
21 creatures vanquished.

Notes
Turn   | Place    | Note
-------+----------+-------------------------------------------
     0 | D:1      | Mickster the Hill Orc Berserker began the quest for the
                  | Orb.
     0 | D:1      | Reached XP level 1. HP: 19/19 MP: 1/1
   136 | D:1      | Reached XP level 2. HP: 9/27 MP: 2/2
   592 | D:2      | HP: 2/40 [ufetubus (1)]
   593 | D:2      | Slain by an ufetubus

Illustrated notes

Levels and vault maps discovered:
D:1:      dpeg_arrival_pond, layout_basic
D:2:      layout_loops_ring

Skill      XL: |  1  2 |
---------------+-------+-----
Fighting       | 4 |  4.3
Axes           | |  4.4
Armour         | |  2.3
Dodging        | |  1.8

Action                     || total
---------------------------++-------
  Melee: Hand axe          ||    75
 Invoke: Berserk           ||     1
    Use: Scroll            ||     1
 Armour: Animal skin       ||     7
         Ring mail         ||    28
  Dodge: Dodged            ||    82

Table legend: (Time is in decaauts)
 A = Elapsed time spent in this place.
 B = Non-inter-level travel time spent in this place.
 C = Inter-level travel time spent in this place.
 D = Time resting spent in this place.
 E = Time spent auto-exploring this place.
 F = Levels seen in this place.
 G = Mean time per level.
                   A        B        C        D        E       F      G
               +--------+--------+--------+--------+--------+-----+--------+
         Total |    598 |    562 |     36 |      0 |      0 |   2 |  299.0 |
       Dungeon |    598 |    562 |     36 |      0 |      0 |   2 |  299.0 |
               +--------+--------+--------+--------+--------+-----+--------+

Top non-repeatable levels by time:
     D:1: 517 daAuts
     D:2: 80 daAuts
